 Seeded DCSS version 0.30.1-4-g462c640d31 (webtiles) character file.

Game seed: 6351066067085065685 (custom seed)

70019 Esekla the Eclecticist (level 14, -4/82 HPs)
             Began as a Deep Elf Necromancer on Sept 4, 2023.
             Was a High Priest of Vehumet.
             Killed from afar by an orc sorcerer (42 damage)
             ... with a bolt of fire
             ... on level 2 of the Orcish Mines on Sept 5, 2023.
             The game lasted 03:19:01 (19625 turns).

Esekla the Eclecticist (Deep Elf Necromancer)      Turns: 19625, Time: 03:19:01

Health: -4/82      AC: 16    Str:  6    XL:     14   Next: 92%
Magic:  25/37      EV: 16    Int: 26    God:    Vehumet [*****.]
Gold:   1514       SH:  5    Dex: 15    Spells: 9/48 levels left

rFire   . . .        c - +6 scimitar
rCold   . . .        I - +0 buckler
rNeg    + . .        f - +0 troll leather armour
rPois   +            O - +1 helmet
rElec   +            t - +1 cloak
rCorr   .            E - +0 pair of gloves
SInv    .            J - +1 pair of boots of Piysunuo {Str+3}
Will    +....        w - amulet of magic regeneration
Stlth   +++          l - ring of Greed {rElec rPois rN+ AC+4 Str-2}
HPRegen 1.13/turn    R - ring of the Mage {Wiz Archmagi}
MPRegen 0.65/turn

%: wizardry (x1), archmagi
@: wereblooded, studying Fighting
A: no striking features
a: Renounce Religion


You were on level 2 of the Orcish Mines.
You worshipped Vehumet.
Vehumet was extremely pleased with you.
You visited 4 branches of the dungeon, and saw 20 of its levels.
You also visited: Trove and Bailey.

You collected 2986 gold pieces.
You spent 1472 gold pieces at shops.

Inventory:

Hand Weapons
 a - a +2 vampiric dagger
 c - a +6 scimitar (weapon)
 r - a +4 trident of venom
 s - the +5 rapier of the Hero {heavy, rN+ Dex+3}
   (You found it on level 3 of the Dungeon)

   Dex:       It affects your dexterity (+3).
   rN:        It protects you from negative energy.
 v - a +2 rapier of venom
Missiles
 q - 58 poisoned darts
 L - 4 curare-tipped darts
 N - 12 boomerangs (quivered)
Armour
 f - a +0 troll leather armour (worn)
 t - a +1 cloak (worn)
 E - a +0 pair of gloves (worn)
 I - a +0 buckler (worn)
 J - the +1 pair of boots of Piysunuo (worn) {Str+3}
   (You found it on level 1 of the Spider Nest)

   Str:       It affects your strength (+3).
 O - a +1 helmet (worn)
Jewellery
 l - the ring of Greed (left hand) {rElec rPois rN+ AC+4 Str-2}
   (You bought it in a shop on level 2 of the Dungeon)

   [ring of protection]

   AC:        It affects your AC (+4).
   Str:       It affects your strength (-2).
   rElec:     It insulates you from electricity.
   rPois:     It protects you from poison.
   rN:        It protects you from negative energy.
 n - the ring of the Scavenger {Str+6 Dex+3}
   (You found it in a treasure trove)

   [ring of strength]

   Str:       It affects your strength (+6).
   Dex:       It affects your dexterity (+3).
 p - the ring "Lobbiu Zeimn" {+Blink Fly rF+++ Str-2 Dex-2}
   (You found it in a treasure trove)

   [ring of flight]

   Str:       It affects your strength (-2).
   Dex:       It affects your dexterity (-2).
   rF:        It renders you almost immune to fire.
   Fly:       It grants you flight.
   +Blink:    It lets you blink.
 w - an amulet of magic regeneration (around neck)
 B - an amulet of reflection
 R - the ring of the Mage (right hand) {Wiz Archmagi}
   (You bought it in a shop on level 2 of the Dungeon)

   [ring of wizardry]

   It improves your spell success rate.
   Archmagi:  It increases the power of your magical spells.
 S - a ring of ice
Wands
 g - a wand of digging (9)
 h - a wand of roots (24)
 A - a wand of flame (33)
 H - a wand of mindburst (8)
 U - a wand of quicksilver (3)
Scrolls
 k - 3 scrolls of acquirement
 o - a scroll of enchant armour
 u - 4 scrolls of fog
 y - 2 scrolls of magic mapping
 z - 5 scrolls of teleportation
 C - 3 scrolls of enchant weapon
 D - 2 scrolls of silence
 F - 2 scrolls of identify
 G - 2 scrolls of poison
Potions
 b - 3 potions of magic
 d - a potion of ambrosia
 e - 7 potions of attraction
 i - 4 potions of haste
 j - 8 potions of curing
 m - a potion of cancellation
 x - 2 potions of lignification
 K - a potion of resistance
 P - 5 potions of brilliance
 Q - a potion of might
 T - 2 potions of flight
Miscellaneous
 M - a lightning rod (4/4)


   Skills:
 * Level 7.6 Fighting
 + Level 2.5(3.3) Short Blades
 + Level 2.9(3.3) Long Blades
 + Level 2.1 Throwing
 * Level 4.7 Armour
 * Level 11.4 Dodging
 + Level 5.5 Stealth
 - Level 3.0 Shields
 * Level 17.9 Spellcasting
 * Level 7.1 Conjurations
 + Level 11.6 Necromancy
 + Level 1.4 Translocations
 - Level 4.2 Transmutations
 + Level 8.0 Fire Magic
 * Level 6.7 Ice Magic
 * Level 5.8 Air Magic
 * Level 3.4 Earth Magic
 + Level 5.8 Poison Magic
 * Level 4.1 Evocations


You had 9 spell levels left.
You knew the following spells:

 Your Spells              Type           Power      Damage    Failure   Level
b - Orb of Destruction    Conj           37%        9d11      24%         7
c - Mephitic Cloud        Conj/Pois/Air  71%        N/A       1%          3
d - Vampiric Draining     Necr           90%        2d12      1%          3
f - Fireball              Conj/Fire      38%        3d16      1%          5
n - Ignite Poison         Fire/Tmut/Pois 70%        N/A       1%          3
o - Scorch                Fire           100%       2d9       1%          2
t - Teleport Other        Tloc           46%        N/A       3%          3
v - Poisonous Vapours     Pois/Air       100%       N/A       1%          2
w - Wereblood             Tmut           61%        N/A       1%          2
y - Sticky Flame          Conj/Fire      76%        2d9       1%          4
z - Freezing Cloud        Conj/Ice/Air   36%        6-21      1%          5

Your spell library contained the following spells:

 Spells                   Type           Power      Damage    Failure   Level
 Lee's Rapid Deconstruct  Erth           29%        3d15*     4%          5
 Foxfire                  Conj/Fire      100%       2x1d9     1%          1
 Necrotise                Necr           100%       1d9       1%          1
 Lesser Beckoning         Tloc           92%        N/A       1%          2
 Sublimation of Blood     Necr           90%        N/A       1%          2
 Dazzling Flash           Conj/Hex       100%       N/A       1%          3
 Hailstorm                Conj/Ice       73%        3d15      1%          3
 Spider Form              Tmut/Pois      65%        N/A       1%          3
 Vhi's Electric Charge    Tloc/Air       100%       N/A       1%          3
 Animate Dead             Necr           90%        N/A       1%          4
 Agony                    Necr           90%        N/A       1%          5
 Gell's Gravitas          Tloc           46%        N/A       3%          3
 Portal Projectile        Hex/Tloc       80%        N/A       4%          3
 Starburst                Conj/Fire      38%        6d11      4%          6
 Summon Ice Beast         Ice/Summ       57%        N/A       5%          4
 Plasma Beam              Fire/Air       36%        2x1d54    5%          6
 Manifold Assault         Tloc           46%        N/A       12%         4
 Passage of Golubria      Tloc           46%        N/A       12%         4
 Silence                  Hex/Air        27%        N/A       17%         5
 Cause Fear               Hex            17%        N/A       21%         4
 Ozocubu's Refrigeration  Ice            36%        4d15      26%         7
 Summon Mana Viper        Hex/Summ       35%        N/A       47%         5
 Ignition                 Fire           39%        3d12      69%         8
 Dispersal                Tloc           23%        N/A       85%         6
 Lehudib's Crystal Spear  Conj/Erth      33%        10d8      95%         8
 Summon Hydra             Summ           17%        N/A       100%        7
 Disjunction              Tloc           23%        N/A       100%        8


Dungeon Overview and Level Annotations

Branches:
Dungeon (12/15)            Temple (0/1) D:6            Lair (5/5) D:11
 Shoals (0/4) Lair:2       Spider (1/4) Lair:3        Slime (0/5) Lair:5
    Orc (2/2) D:10            Elf (0/3) Orc:2        Bailey (visited)

Altars:
Dithmenos
Fedhas
Hepliaklqana
Nemelex Xobeh
Okawaru
Qazlal
Ru
Trog
Uskayaw
Vehumet
Zin
The Shining One
Jiyva

Shops:
D:2 =   D:4 (   D:11 *   Orc:2 **

Annotations:
D:10 earth elemental


Message History

Aiming: Orb of Destruction (quite dangerous; 24% risk of failure)
Press: ? - help, Shift-Dir - straight line, f/p - Azrael
Aim: Azrael, wielding a +4 scimitar of flaming (freezing vapour, severely wounded)
You feel a surge of power!
An orc sorcerer comes into view. It is wielding a +0 dagger.
Azrael is engulfed in freezing vapours.
Azrael gestures at you.
The fireball explodes!
The fireball engulfs you!!
You hear a sizzling sound! x3
The orb of destruction hits Azrael!!!
You blow up Azrael!
Vehumet accepts your kill.
You feel your power returning.
Casting: Orb of Destruction (quite dangerous; 24% risk of failure)
Confirm with . or Enter, or press ? or * to list all spells.
Aiming: Poisonous Vapours (safe; 1% risk of failure)
Press: ? - help, Dir - move target, f - orc sorcerer
Aim: an orc sorcerer, wielding a +0 dagger and wearing a +0 robe
Okay, then.
Things that are here:
a +1 dagger of electrocution; a +0 robe; an orc corpse You hear a bark!
You hear a bark!
Casting: Poisonous Vapours (safe; 1% risk of failure)
Confirm with . or Enter, or press ? or * to list all spells.
Aiming: Mephitic Cloud (safe; 1% risk of failure)
Press: ? - help, Shift-Dir - straight line, f - orc priest
Aim: an orc priest, wielding a +0 whip (chance to affect: 86%)
You feel a surge of power!
The ball explodes into a vile cloud!
The stinking cloud engulfs the orc priest but does no damage.
The stinking cloud engulfs the orc sorcerer but does no damage.
The orc priest is engulfed in noxious fumes.
The orc priest appears confused.
The orc sorcerer is engulfed in noxious fumes.
The orc sorcerer gestures at you while chanting.
The bolt of fire hits the orc priest!!
The orc priest dies!
The bolt of fire hits you!!!
Ouch! That really hurt!
You die...

#∩)#...).##
#...)...##
.....#.)##
##)#.....#
#∩.#..)).##
#.).o☼..##
##...#.)).##
#).##§#.##
##....#...## #.
##)§☼##
##...)....##
##...##
##..###..)##
##...##
##..###...###...##
##..###...#@..##
#.[###.#.#.##
#..###...##
#).###.## ##.[####
##.[#### #...#.###
##......##
####.#.[..#


You could see an orc sorcerer.

Vanquished Creatures
  Rupert (Lair:4)
  2 orc warlords
  Azrael (Orc:2)
  2 fire dragons (Lair:5)
  Harold (D:9)
  2 boulder beetles (Lair:2)
  3 hydras
  A catoblepas (Lair:5)
  3 two-headed ogres
  Lodul (D:11)
  A skyshark (Lair:4)
  Pikel (D:6)
  A swamp dragon (Lair:5)
  A steelbarb worm (Spider:1)
  2 lindwurms (Lair:5)
  An oklob plant (Lair:5)
  An ugly thing (D:12)
  8 orc knights
  7 cyclopes
  7 orc sorcerers (Orc:2)
  A moth of wrath (Spider:1)
  Joseph (D:6)
  A merfolk siren (Lair:2)
  2 black mambas
  9 elephants (Lair:5)
  6 torpor snails
  2 gargoyles
  A smoke demon (Orc:2)
  11 cane toads
  Psyche (D:11)
  3 rime drakes
  15 komodo dragons
  A kobold demonologist (D:9)
  A red devil (Orc:2)
  3 tyrant leeches (Lair:5)
  2 merfolk (Lair:2)
  A polar bear (D:11)
  7 trolls
  8 hornets
  5 blink frogs (Lair:1)
  10 spriggans (Lair:3)
  32 yaks
  4 centaur simulacra (D:11)
  A vampire (D:12)
  2 culicivoras
  A wraith (D:12)
  5 basilisks
  A chaos spawn (Orc:2)
  3 steam dragons
  5 wyverns
  2 redbacks (Spider:1)
  Menkaure (D:7)
  3 wargs
  2 acid dragons (Lair:5)
  6 ice beasts
  14 water moccasins
  A hell hound (Orc:2)
  2 swamp drakes (Lair:5)
  A sky beast (D:6)
  42 orc warriors
  2 black bears
  18 ogres
  2 centaurs
  3 boggarts (Lair:3)
  12 wolves
  A phantom (D:7)
  Blork the orc (D:6)
  4 kobold brigands
  4 gnoll sergeants
  10 bullfrogs
  3 scorpions
  10 wights
  21 killer bees
  2 howler monkeys (D:10)
  An electric eel (D:11)
  2 quasits
  3 gnoll boudas
  6 hounds
  A jelly (D:6)
  Crazy Yiuf (D:7)
  30 orc priests
  A sleepcap (D:5)
  7 iguanas
  14 orc wizards
  12 hell rats
  33 gnolls
  9 adders
  3 shadow imps (D:8)
  9 white imps
  4 ufetubi
  A worm (D:4)
  3 dart slugs
  95 orcs
  4 endoplasms
  9 goblins
  7 hobgoblins
  A quokka (D:1)
  6 ball pythons
  4 bats
  4 frilled lizards
  21 kobolds
  A rat (D:2)
651 creatures vanquished.

Vanquished Creatures (collateral kills)
  A hornet (Lair:3)
1 creature vanquished.

Vanquished Creatures (others)
  A demonspawn (Orc:2)
  An orc high priest (Orc:2)
  An orc warrior (Orc:2)
  An orc priest (Orc:2)
  A gnoll (D:8)
5 creatures vanquished.

Grand Total: 657 creatures vanquished

Notes
Turn   | Place    | Note
-------+----------+-------------------------------------------
     0 | D:1      | Esekla the Deep Elf Necromancer began the quest for the
                  | Orb.
     0 | D:1      | Reached XP level 1. HP: 10/10 MP: 6/6
   258 | D:2      | Found Renulab's Jewellery Shop.
   593 | D:4      | Found a radiant altar of Vehumet.
   605 | D:4      | Found an iron altar of Okawaru.
   616 | D:4      | Found a glowing silver altar of Zin.
   699 | D:4      | Became a worshipper of Vehumet
   779 | D:3      | Reached skill level 5 in Necromancy
   861 | D:3      | Reached XP level 2. HP: 15/15 MP: 8/8
  1016 | D:3      | Found a stormy altar of Qazlal.
  1131 | D:2      | Noticed a black bear
  1132 | D:2      | Reached XP level 3. HP: 19/19 MP: 9/9
  1164 | D:2      | Learned a level 3 spell: Vampiric Draining
  1190 | D:3      | Found a hazy altar of Hepliaklqana.
  1190 | D:3      | Found a bloodstained altar of Trog.
  1386 | D:3      | Reached XP level 4. HP: 24/24 MP: 11/11
  1544 | D:3      | Identified the +5 rapier of the Hero {heavy, rN+ Dex+3}
  1566 | D:2      | Reached * piety under Vehumet
  1566 | D:2      | Offered knowledge of Foxfire by Vehumet.
  1652 | D:2      | Found a faded altar of an unknown god.
  1750 | D:1      | Reached skill level 1 in Short Blades
  1790 | D:1      | Reached XP level 5. HP: 28/28 MP: 10/12
  1802 | D:1      | Learned a level 3 spell: Teleport Other
  2260 | D:2      | Killed a black bear
  2261 | D:2      | Reached skill level 4 in Spellcasting
  2261 | D:2      | Reached skill level 1 in Translocations
  2315 | D:5      | Entered Level 5 of the Dungeon
  2324 | D:5      | Reached XP level 6. HP: 30/32 MP: 11/14
  2450 | D:5      | Offered knowledge of Scorch by Vehumet.
  2454 | D:5      | Learned a level 2 spell: Scorch
  2468 | D:5      | Reached ** piety under Vehumet
  2533 | D:5      | Reached skill level 5 in Dodging
  2700 | D:5      | Got the Parchment of the Lumpy Olives
  2769 | D:4      | Reached skill level 5 in Spellcasting
  2911 | D:4      | Found Ponaysk's Antique Weapon Boutique.
  3059 | D:4      | Reached XP level 7. HP: 36/36 MP: 16/16
  3209 | D:4      | Found a glowing golden altar of the Shining One.
  3324 | D:4      | Reached skill level 1 in Fire Magic
  3409 | D:5      | Found a shadowy altar of Dithmenos.
  3491 | D:5      | Reached skill level 6 in Spellcasting
  3661 | D:5      | Offered knowledge of Inner Flame by Vehumet.
  3749 | D:6      | Noticed Blork the orc
  3763 | D:6      | Killed Blork the orc
  3799 | D:6      | Reached skill level 7 in Spellcasting
  3817 | D:6      | Reached XP level 8. HP: 32/41 MP: 12/21
  3887 | D:6      | Found a staircase to the Ecumenical Temple.
  4146 | D:7      | Reached *** piety under Vehumet
  4147 | D:7      | Reached skill level 8 in Spellcasting
  4453 | D:6      | Noticed Pikel
  4597 | D:6      | Found a blossoming altar of Fedhas.
  4802 | D:6      | Killed Pikel
  4803 | D:6      | Reached skill level 9 in Spellcasting
  4874 | D:6      | Reached XP level 9. HP: 40/45 MP: 12/24
  4902 | D:7      | Found a runed translucent door.
  4903 | D:7      | Noticed Crazy Yiuf
  4909 | D:7      | Killed Crazy Yiuf
  5195 | D:7      | Noticed Menkaure
  5202 | D:7      | Killed Menkaure
  5276 | D:7      | Offered knowledge of Sticky Flame by Vehumet.
  5282 | D:7      | Learned a level 4 spell: Sticky Flame
  5293 | D:7      | Reached skill level 10 in Spellcasting
  5467 | D:7      | Noticed Joseph
  5614 | D:6      | Killed Joseph
  5615 | D:6      | Reached skill level 1 in Conjurations
  5874 | D:7      | Reached skill level 11 in Spellcasting
  5888 | D:8      | Found a hide-covered altar of Uskayaw.
  5949 | D:7      | Reached skill level 5 in Fire Magic
  5983 | D:8      | Reached **** piety under Vehumet
  5991 | D:8      | Noticed a two-headed ogre
  6122 | D:8      | Offered knowledge of Ignite Poison by Vehumet.
  6136 | D:8      | Learned a level 3 spell: Ignite Poison
  6302 | D:8      | Found a transporter.
  6303 | D:8      | Found a transporter.
  6307 | D:8      | Found a transporter.
  6310 | D:8      | Found a transporter.
  6369 | D:8      | Killed a two-headed ogre
  6370 | D:8      | Reached skill level 1 in Shields
  6370 | D:8      | Reached XP level 10. HP: 50/50 MP: 27/27
  7058 | D:9      | Found a flagged portal.
  7082 | Bailey   | Entered a bailey
  7176 | Bailey   | Reached skill level 1 in Transmutations
  7237 | Bailey   | Reached skill level 1 in Poison Magic
  7254 | Bailey   | Reached skill level 10 in Necromancy
  7291 | Bailey   | Identified the +2 bardiche of Puhoisos {heavy, rElec
                  | Stlth+}
  7489 | Bailey   | Noticed an orc knight
  7489 | Bailey   | Noticed an orc knight
  7538 | Bailey   | Killed an orc knight
  7558 | Bailey   | Killed an orc knight
  7839 | D:9      | Reached ***** piety under Vehumet
  7840 | D:9      | Reached skill level 1 in Throwing
  7884 | D:9      | Reached skill level 12 in Spellcasting
  7902 | D:9      | Offered knowledge of Flame Wave by Vehumet.
  7903 | D:9      | Reached skill level 1 in Long Blades
  8019 | D:9      | Found a sparkling altar of Nemelex Xobeh.
  8068 | D:9      | Noticed a two-headed ogre
  8075 | D:9      | Killed a two-headed ogre
  8076 | D:9      | Reached skill level 1 in Fighting
  8133 | D:9      | Noticed Harold
  8235 | D:9      | Noticed a cyclops
  8246 | D:9      | Killed a cyclops
  8247 | D:9      | Reached XP level 11. HP: 56/56 MP: 28/29
  8602 | D:9      | Killed Harold
  8717 | D:10     | Entered Level 10 of the Dungeon
  8968 | D:10     | Found a sacrificial altar of Ru.
  9425 | D:10     | Offered knowledge of Ozocubu's Refrigeration by Vehumet.
  9434 | D:10     | Learned a level 7 spell: Ozocubu's Refrigeration
  9613 | D:10     | Found a staircase to the Orcish Mines.
  9669 | D:11     | Reached skill level 5 in Stealth
  9817 | D:11     | Found Fagafuf's Pet Rocks.
  9818 | D:11     | Noticed Lodul
  9840 | D:11     | Reached skill level 13 in Spellcasting
  9845 | D:11     | Reached skill level 1 in Ice Magic
 10023 | Orc:1    | Entered Level 1 of the Orcish Mines
 10080 | Orc:1    | Noticed an orc knight
 10278 | D:2      | Bought the ring of the Mage {Wiz Archmagi} for 714 gold
                  | pieces
 10278 | D:2      | Found the ring of the Mage {Wiz Archmagi}
 10700 | D:11     | Reached skill level 1 in Armour
 10755 | D:11     | Found a staircase to the Lair.
 10795 | D:11     | Reached XP level 12. HP: 61/64 MP: 29/31
 10991 | D:12     | Learned a level 2 spell: Wereblood
 11026 | D:12     | Found a portal to a secret trove of treasure.
 11076 | D:12     | Learned a level 2 spell: Poisonous Vapours
 11082 | D:12     | Learned a level 5 spell: Freezing Cloud
 11086 | D:12     | Learned a level 3 spell: Mephitic Cloud
 11131 | D:12     | Reached skill level 14 in Spellcasting
 11288 | D:11     | HP: 3/64 [Lodul/bolt of lightning (34)]
 11302 | D:11     | Reached skill level 1 in Air Magic
 11365 | D:11     | Offered knowledge of Orb of Destruction by Vehumet.
 11420 | D:10     | Learned a level 7 spell: Orb of Destruction
 11598 | D:12     | Learned a level 5 spell: Fireball
 11793 | Trove    | Entered a treasure trove
 11802 | Trove    | Identified the ring of the Scavenger {Str+6 Dex+3}
 11804 | Trove    | Identified the +2 pair of gloves of the Worm {*Corrode rN++
                  | Dex+3}
 11805 | Trove    | Identified the ring "Lobbiu Zeimn" {+Blink Fly rF+++ Str-2
                  | Dex-2}
 11816 | Trove    | Identified the +3 ring mail "Poady" {+Inv rF+ Dex+2 Slay-4}
 11818 | Trove    | Identified the +7 quarterstaff of Generosity {flame, Fly
                  | rN+}
 11882 | D:11     | Killed Lodul
 12157 | D:11     | Got Simple Magic
 12229 | D:11     | Noticed Psyche
 12230 | D:11     | Noticed a two-headed ogre
 12238 | D:11     | Killed Psyche
 12241 | D:11     | Killed a two-headed ogre
 12502 | Orc:2    | Entered Level 2 of the Orcish Mines
 12817 | Orc:2    | Paralysed by an orc sorcerer for 4 turns
 12826 | Orc:2    | HP: 3/67 [smoke demon/ball of steam (12)]
 12833 | Orc:2    | Found Roezostra's General Store.
 12833 | Orc:2    | Found Bamnuus's General Store.
 12842 | Orc:2    | Reached skill level 15 in Spellcasting
 12949 | Lair:1   | Entered Level 1 of the Lair of Beasts
 12958 | Lair:1   | Reached skill level 5 in Conjurations
 13016 | Lair:1   | Reached skill level 5 in Fighting
 13823 | D:2      | Bought the ring of Greed {rElec rPois rN+ AC+4 Str-2} for
                  | 758 gold pieces
 14335 | Lair:2   | Reached skill level 1 in Evocations
 14358 | Lair:2   | Found a transporter.
 14359 | Lair:2   | Found a transporter.
 14360 | Lair:2   | Noticed a boulder beetle
 14360 | Lair:2   | Noticed a boulder beetle
 14377 | Lair:2   | Killed a boulder beetle
 14378 | Lair:2   | Killed a boulder beetle
 14379 | Lair:2   | Reached XP level 13. HP: 52/72 MP: 19/34
 14757 | Lair:2   | Reached skill level 10 in Dodging
 14896 | Lair:2   | Reached skill level 5 in Ice Magic
 14929 | Lair:2   | Found a staircase to the Shoals.
 15315 | Lair:3   | Found a hole to the Spider Nest.
 15565 | Spider:1 | Entered Level 1 of the Spider Nest
 15575 | Spider:1 | Reached skill level 16 in Spellcasting
 15612 | Spider:1 | Identified the +1 pair of boots of Piysunuo {Str+3}
 15864 | Lair:3   | Identified the +3 leather armour of Okawaru's Inspiration
                  | {Str+4}
 15943 | Lair:3   | HP: 2/111 [six-headed hydra (5)]
 16249 | Lair:4   | You fall into a shaft and drop 1 floor!
 16249 | Lair:5   | Entered Level 5 of the Lair of Beasts
 16303 | Lair:5   | Found a viscous altar of Jiyva.
 16303 | Lair:5   | Found a staircase to the Slime Pits.
 16390 | Lair:5   | Reached skill level 1 in Earth Magic
 16446 | Lair:5   | Reached skill level 5 in Poison Magic
 16461 | Lair:5   | Reached XP level 14. HP: 80/80 MP: 13/36
 16709 | Lair:4   | Reached skill level 17 in Spellcasting
 17126 | Lair:4   | Noticed Rupert
 17237 | Lair:4   | Killed Rupert
 18131 | Lair:5   | Got Utragud's Papyrus of the Inquisitive Olives
 18230 | Lair:5   | Found a runed translucent door.
 18351 | Lair:5   | Reached skill level 5 in Air Magic
 18752 | Orc:1    | Noticed an orc warlord
 18844 | Orc:1    | Killed an orc warlord
 19201 | Orc:2    | Found a staircase to the Elven Halls.
 19210 | Orc:2    | Offered knowledge of Lee's Rapid Deconstruction by Vehumet.
 19212 | Orc:2    | Noticed an orc warlord
 19225 | Orc:2    | Killed an orc warlord
 19595 | Orc:2    | Paralysed by an orc sorcerer for 5 turns
 19614 | Orc:2    | Noticed Azrael
 19618 | Orc:2    | Killed Azrael
 19625 | Orc:2    | Killed from afar by an orc sorcerer

Illustrated notes

Levels and vault maps discovered:
D:1:      sevenhm_arrival_forest_fort_small_3, layout_rooms,
          chequers_serial_rivers_room_b, minmay_misc_feat_five
D:2:      layout_loops_ring, dreamdust_ecumenical_altar_angels_and_demons,
          serial_shops, shop
D:3:      layout_basic, grunt_temple_overflow_open, minmay_misc_feat_iff
D:4:      layout_basic, nicolae_overflow_quartered_altars, serial_shops,
          nicolae_diamond_shop
D:5:      layout_loops_ring, lemuel_doored_altar, minmay_misc_feat_rows,
          dreamdust_wishing_well
D:6:      layout_loops_cross, fedhas_altar_fruit_tree,
          minmay_temple_entry_glass, uniq_pikel, uniq_blork_the_orc
D:7:      layout_basic, uniq_menkaure, uniq_joseph, uniq_crazy_yiuf_cottage
D:8:      layout_basic, nicolae_uskayaw_dance_hall, serial_demonic,
          serial_demonic_d, serial_demonic_a, serial_demonic_c,
          serial_demonic_c, nicolae_diode_quadrants
D:9:      layout_irregular_city, kennysheep_little_box, enter_bailey_4,
          minmay_between, uniq_harold
D:10:     layout_basic, nicolae_ru_awakened_eye
D:11:     layout_rooms, hellmonk_lair_entry_icy, serial_ice, serial_ice_j,
          serial_ice_m, serial_ice_o, serial_ice_c, serial_ice_g, serial_ice_f,
          guppyfry_shop_earth, uniq_psyche, uniq_lodul
D:12:     layout_roguey, nicolae_trove_entry_crossroad
Lair:1:   layout_small_grid
Lair:2:   gammafunk_boulding_lane, layout_small_grid, elwin_shoals_entry_rooms
Lair:3:   kb_forest_paths, layout_chaotic_city, spider_nest_entry_rubble
Lair:4:   layout_hall_layers, grunt_megastairs_3, lemuel_fruit_fields,
          uniq_rupert
Lair:5:   guppyfry_lair_end_dragon, layout_misc_corridors, wormcave,
          dpeg_slime_entry_enclosed
Spider:1: layout_spider_delve, nicolae_spider_some_kinda_spiderbox
Orc:1:    layout_caves
Orc:2:    pf_orc_diabolical, layout_diamond_mine, uniq_azrael

Skill      XL: |  1  2  3  4  5  6  7  8  9 10 11 12 13 14 |
---------------+-------------------------------------------+-----
Necromancy     | 5 6 7 8 9 10 11 | 11.6
Dodging        | 3 4 5 6 7 8 9 10 11 | 11.4
Stealth        | 3 4 5 |  5.5
Short Blades   | 1 2 |  2.5
Spellcasting   | 4 5 7 9 11 12 13 15 16 17 | 17.9
Translocations | 1 |  1.4
Fire Magic     | 2 3 5 6 7 8 |  8.0
Conjurations   | 2 3 4 5 6 7 |  7.1
Shields        | 1 3 |  3.0
Transmutations | 3 4 |  4.2
Poison Magic   | 2 3 4 5 |  5.8
Throwing       | 1 2 |  2.1
Long Blades    | 1 2 |  2.9
Fighting       | 1 3 5 6 7 |  7.6
Ice Magic      | 2 4 5 6 |  6.7
Armour         | 1 2 3 4 |  4.7
Air Magic      | 2 4 5 |  5.8
Evocations     | 1 3 4 |  4.1
Earth Magic    | 2 3 |  3.4

Action                     |  1- 3 |  4- 6 |  7- 9 | 10-12 | 13-15 || total
---------------------------+-------+-------+-------+-------+-------++-------
  Melee: Short sword       |    54 |   122 |       |       |       ||   176
         Unarmed           |     9 |       |       |       |       ||     9
         Punch             |       |     3 |       |       |       ||     3
         Dagger            |       |    25 |    83 |       |     5 ||   113
         Rapier            |       |       |    10 |    19 |    18 ||    47
         Scimitar          |       |       |    23 |   143 |   107 ||   273
  Throw: Dart              |       |     8 |    20 |    34 |       ||    62
         Boomerang         |       |       |       |       |    11 ||    11
   Cast: Vampiric Draining |     1 |    19 |    79 |   130 |    63 ||   292
         Scorch            |       |     7 |   108 |    89 |       ||   204
         Ignite Poison     |       |       |     1 |    29 |    77 ||   107
         Sticky Flame      |       |       |       |    71 |    22 ||    93
         Poisonous Vapours |       |       |       |    53 |   138 ||   191
         Mephitic Cloud    |       |       |       |    11 |    18 ||    29
         Wereblood         |       |       |       |     4 |    21 ||    25
         Freezing Cloud    |       |       |       |     3 |    40 ||    43
         Orb of Destructio |       |       |       |       |     5 ||     5
         Teleport Other    |       |       |       |       |     1 ||     1
  Evoke: Wand              |     1 |     2 |     5 |     7 |       ||    15
    Use: Scroll            |     1 |       |     2 |    29 |     2 ||    34
         Potion            |       |       |     2 |     8 |     4 ||    14
   Stab: Sleeping          |     4 |     9 |     6 |    11 |     7 ||    37
         Distracted        |       |       |     1 |       |     1 ||     2
         Confused          |       |       |       |     2 |     2 ||     4
 Armour: Robe              |    15 |    30 |    44 |    30 |       ||   119
         Steam dragon scal |       |       |       |    48 |       ||    48
         Troll leather arm |       |       |       |    30 |    96 ||   126
         Skin              |       |       |       |       |    47 ||    47
  Dodge: Dodged            |    52 |    95 |   204 |   340 |   210 ||   901
  Block: Buckler           |       |       |       |    83 |    86 ||   169
